 Dungeon Crawl Stone Soup version 0.23.0 (webtiles) character file.

Game seed: 8126821968735103456

3399 chequers the Spear-Bearer (level 9, -5/64 HPs)
             Began as a Demonspawn Gladiator on Feb 12, 2019.
             Was a Priest of Ashenzari.
             Slain by a troll (10 damage)
             ... on level 9 of the Dungeon.
             The game lasted 00:14:17 (9965 turns).

chequers the Spear-Bearer (Demonspawn Gladiator)    Turns: 9965, Time: 00:14:18

Health: -5/64      AC: 15    Str: 18    XL:     9   Next: 75%
Magic:  9/9        EV:  6    Int:  9    God:    Ashenzari [***...]
Gold:   228        SH:  0    Dex: 15    Spells: 8/8 levels left

rFire    . . .     SeeInvis +   b - +0 glaive
rCold    + . .     Gourm    .   (shield currently unavailable)
rNeg     . . .     Faith    +   F - +0 plate armour
rPois    +         Spirit   .   c - +0 helmet
rElec    +         Reflect  .   C - +1 cloak
rCorr    +         Harm     .   (no gloves)
MR       .....                  (no boots)
Stlth    ..........             j - amulet of faith
HPRegen  0.20/turn              e - ring of protection from fire
MPRegen  0.11/turn              d - ring of Mumy {rCorr rElec rPois rF-}

@: no status effects
A: talons 2, rugged brown scales 2, cold resistance 1
a: Curse Item, Scrying, Renounce Religion


You were on level 9 of the Dungeon.
You worshipped Ashenzari.
Ashenzari was most pleased with you.
You were not hungry.

You visited 1 branch of the dungeon, and saw 9 of its levels.

You collected 410 gold pieces.
You spent 182 gold pieces at shops.

Inventory:

Hand Weapons
 a - a +0 trident
 b - a +0 glaive (weapon)
Armour
 c - a +0 helmet (worn)
 C - a +1 cloak (worn)
 F - a +0 plate armour (worn)
Jewellery
 d - the ring of Mumy (right hand) {rCorr rElec rPois rF-}
   (You found it on level 5 of the Dungeon)

   [ring of resist corrosion]

   It makes you vulnerable to fire.
   It insulates you from electricity.
   It protects you from poison.
 e - a ring of protection from fire (left hand)
 h - an uncursed ring of fire
 j - an amulet of faith (around neck)
 t - an uncursed ring of protection from cold
Wands
 s - a wand of polymorph (11)
 w - a wand of random effects (20)
 D - a wand of flame (15)
 E - a wand of iceblast (3)
Scrolls
 g - 4 scrolls of teleportation
 k - 2 scrolls of random uselessness {unknown}
 l - 3 scrolls of amnesia {unknown}
 m - a scroll of immolation {unknown}
 o - a scroll of fear {unknown}
 p - a scroll of remove curse
 u - 3 scrolls of enchant weapon {unknown}
 v - 2 scrolls of enchant armour {unknown}
 y - a scroll of noise {unknown}
 A - a scroll of blinking {unknown}
Potions
 i - a potion of brilliance
 n - a potion of cancellation
 q - a potion of flight
 r - a potion of mutation {unknown}
 z - 3 potions of curing
 B - 2 potions of heal wounds {unknown}
Comestibles
 f - 6 rations
 G - 2 chunks of flesh


   Skills:
 - Level 2.0 Fighting
 + Level 12.7 Polearms
 - Level 1.7 Throwing
 - Level 2.6 Dodging


You had 8 spell levels left.
You didn't know any spells.
Your spell library contained the following spells:

 Spells                   Type           Power        Failure   Level  Hunger
 Beastly Appendage        Tmut           #.....       100%        1    ##.....
 Magic Dart               Conj           #...         100%        1    ##.....
 Blink                    Tloc           N/A          100%        2    ###....
 Call Imp                 Summ           #.......     100%        2    ###....
 Slow                     Hex            #.......     100%        2    ###....
 Sticks to Snakes         Tmut           #.......     100%        2    ###....
 Conjure Flame            Conj/Fire      #.......     100%        3    ####...
 Mephitic Cloud           Conj/Pois/Air  #.......     100%        3    ####...
 Spider Form              Tmut/Pois      #.........   100%        3    ####...
 Ice Form                 Ice/Tmut       #.......     100%        4    #####..
 Blade Hands              Tmut           #.........   100%        5    ######.


Dungeon Overview and Level Annotations

Branches:
Dungeon (9/15)             Temple (0/1) D:5
   Lair: D:8-11         Orc: D:9-12

Altars:
Ashenzari
Elyvilon
Fedhas
Okawaru
Qazlal
Sif Muna
Trog
Uskayaw
Vehumet
Xom
Zin

Shops:
D:6 (


Innate Abilities, Weirdness & Mutations

You have razor-sharp toenails.
You are mostly covered in rugged brown scales. (AC +2, +5% HP)
Your flesh is cold resistant. (rC+)


Message History

* * * LOW HITPOINT WARNING * * *
The troll claws you.
* * * LOW HITPOINT WARNING * * *
The troll claws you.
* * * LOW HITPOINT WARNING * * *
Your plate armour prevents you from hitting the troll.
Your kick misses the troll.
The troll is heavily wounded.
The troll bites you but does no damage.
The troll claws you but does no damage. x2
You hit the troll.
The troll is heavily wounded.
The troll bites you!
* * * LOW HITPOINT WARNING * * *
The troll claws you but does no damage. The troll claws you!
* * * LOW HITPOINT WARNING * * *
Okay, then.
You hit the troll. You claw the troll.
The troll is severely wounded.
The troll bites you!
You die...

* * , * * ,
, * * , ,,
* *** , ,,,
#####* *
#.<.#,, , *
###.# ** ,
###@..#, *
,*##.T.###,
, ,,,
#..#...#, *
,,
##.####.#,*
, #..#* .#
,* *
...T..'.##
*#* *
.<....###
,, ....(. *
* * ##+##**
*


You could see a troll.

Vanquished Creatures
  2 hungry ghosts
  Edmund (D:5)
  Menkaure (D:4)
  3 orc warriors
  A sky beast (D:6)
  A phantom (D:6)
  3 black bears
  A necrophage (D:7)
  An ogre (D:8)
  4 centaurs
  2 big kobolds (D:7)
  A water moccasin zombie (D:5)
  A scorpion (D:8)
  2 howler monkeys
  2 crimson imps
  2 bullfrog zombies (D:8)
  12 orc wizards
  7 orc priests
  6 hounds
  A jelly (D:6)
  7 worker ants
  A hound zombie (D:8)
  A hound skeleton (D:5)
  A howler monkey zombie (D:5)
  A worker ant zombie (D:6)
  10 adders
  A gnoll (D:1)
  A shadow imp (D:6)
  An ooze (D:4)
  2 worms
  An adder skeleton (D:5)
  9 leopard geckos
  33 orcs
  7 giant cockroaches
  9 goblins
  6 hobgoblins
  9 jackals
  13 kobolds
  3 quokkas
  2 ball pythons
  6 bats
  8 frilled lizards
  A leopard gecko skeleton (D:7)
  A leopard gecko zombie (D:6)
  10 rats
198 creatures vanquished.

Vanquished Creatures (others)
  An orc wizard (D:5)
1 creature vanquished.

Grand Total: 199 creatures vanquished

Notes
Turn   | Place    | Note
-------+----------+-------------------------------------------
     0 | D:1      | chequers the Demonspawn Gladiator began the quest for the
                  | Orb.
     0 | D:1      | Reached XP level 1. HP: 16/16 MP: 1/1
   123 | D:1      | Reached skill level 3 in Polearms
   255 | D:1      | Gained mutation: You are partially covered in rugged brown
                  | scales. (AC +1, +3% HP) [demonic ancestry]
   255 | D:1      | Reached XP level 2. HP: 16/22 MP: 2/2
   905 | D:1      | Gained mutation: You have sharp toenails. [demonic
                  | ancestry]
   905 | D:1      | Reached XP level 3. HP: 27/27 MP: 3/3
  1321 | D:1      | Reached skill level 4 in Polearms
  1660 | D:2      | Found a faded altar of an unknown god.
  1730 | D:2      | Became a worshipper of Ashenzari the Shackled
  1730 | D:2      | Reached * piety under Ashenzari
  1758 | D:2      | Noticed a +0 hand axe
  1758 | D:2      | Noticed a +0 hand axe
  1760 | D:2      | Found a hide-covered altar of Uskayaw.
  2211 | D:2      | Found a deep blue altar of Sif Muna.
  2414 | D:2      | Reached XP level 4. HP: 33/33 MP: 4/4
  2919 | D:3      | Found a radiant altar of Vehumet.
  3015 | D:3      | Reached skill level 5 in Polearms
  3047 | D:3      | Gained mutation: You have razor-sharp toenails. [demonic
                  | ancestry]
  3047 | D:3      | Reached XP level 5. HP: 38/39 MP: 5/5
  3148 | D:3      | Found a glowing silver altar of Zin.
  3311 | D:4      | Reached ** piety under Ashenzari
  3541 | D:4      | Found a stormy altar of Qazlal.
  3637 | D:4      | Found a white marble altar of Elyvilon.
  3663 | D:4      | Found a blossoming altar of Fedhas.
  3949 | D:4      | Reached skill level 6 in Polearms
  4170 | D:4      | Noticed Menkaure
  4176 | D:4      | Killed Menkaure
  4176 | D:4      | Gained mutation: Your flesh is cold resistant. (rC+)
                  | [demonic ancestry]
  4176 | D:4      | Reached XP level 6. HP: 17/45 MP: 6/6
  4429 | D:5      | Entered Level 5 of the Dungeon
  4429 | D:5      | Noticed Edmund
  4523 | D:5      | Found a staircase to the Ecumenical Temple.
  4720 | D:5      | Found a bloodstained altar of Trog.
  4778 | D:5      | Reached skill level 7 in Polearms
  4893 | D:5      | Reached XP level 7. HP: 42/51 MP: 7/7
  4971 | D:5      | Identified the ring of Mumy {rCorr rElec rPois rF-}
  5219 | D:5      | Reached skill level 8 in Polearms
  5485 | D:5      | Killed Edmund
  5485 | D:5      | Reached skill level 9 in Polearms
  5485 | D:5      | Reached XP level 8. HP: 26/57 MP: 8/8
  6456 | D:6      | Found Liwatearchu's Antique Weapon Emporium.
  6463 | D:6      | Bought a glaive for 182 gold pieces
  6613 | D:6      | Reached skill level 10 in Polearms
  7058 | D:6      | Identified the cursed +3 rapier "Azipeaj" {antimagic, +Fly}
  7102 | D:6      | Reached *** piety under Ashenzari
  7509 | D:7      | Reached skill level 11 in Polearms
  7509 | D:7      | Gained mutation: You are mostly covered in rugged brown
                  | scales. (AC +2, +5% HP) [demonic ancestry]
  7509 | D:7      | Reached XP level 9. HP: 53/64 MP: 9/9
  7898 | D:7      | Found an iron altar of Okawaru.
  7917 | D:7      | Found a shimmering altar of Xom.
  7918 | D:7      | Found a shimmering altar of Xom.
  7918 | D:7      | Found a shimmering altar of Xom.
  8684 | D:8      | Reached skill level 12 in Polearms
  9948 | D:9      | Noticed a troll
  9965 | D:9      | Slain by a troll

Skill      XL: |  1  2  3  4  5  6  7  8  9 |
---------------+----------------------------+-----
Polearms       | 3 4 5 6 7 9 11 12 | 12.7
Fighting       | |  2.0
Throwing       | |  1.7
Dodging        | |  2.6

Action                   |  1- 3 |  4- 6 |  7- 9 || total
-------------------------+-------+-------+-------++-------
Melee: Trident           |   135 |   170 |   151 ||   456
       Kick              |    13 |    42 |   135 ||   190
       Glaive            |       |       |   356 ||   356
Throw: Throwing net      |       |       |     5 ||     5
  Use: Scroll            |       |     4 |     1 ||     5
       Potion            |       |       |     7 ||     7
 Stab: Held in net/web   |       |       |     3 ||     3
       Distracted        |       |       |     1 ||     1
  Eat: Chunk             |     4 |     8 |    24 ||    36
       Ration            |       |       |     5 ||     5
Armor: Leather armour    |    19 |       |       ||    19
       Chain mail        |    25 |    66 |   157 ||   248
       Skin              |       |       |    36 ||    36
       Plate armour      |       |       |    76 ||    76
Dodge: Dodged            |    53 |    44 |   155 ||   252
